 Dungeon Crawl Stone Soup version 0.17-a0-1504-gb7d9117 (webtiles) character file.

69 urechis the Cudgeler (level 4, -1/48 HPs)
             Began as an Ogre Gladiator on July 9, 2015.
             Slain by a goblin (3 damage)
             ... led by Robin
             ... on level 3 of the Dungeon.
             The game lasted 00:03:35 (1989 turns).

urechis the Cudgeler (Ogre Gladiator)               Turns: 1989, Time: 00:03:35

Health: -1/48      AC:  4    Str: 21    XL:     4   Next: 20%
Magic:  4/4        EV: 10    Int:  7    God:
Gold:   148        SH:  0    Dex: 10    Spells: 0 memorised, 3 levels left

rFire  . . .     SeeInvis .     s - -1 whip (curse)
rCold  . . .     Clarity  .     b - +1 robe
rNeg   . . .     SustAt   .     (no shield)
rPois  .         Gourm    .     (helmet restricted)
rElec  .         Spirit   .     (no cloak)
rCorr  .         Warding  .     (gloves unavailable)
rMut   .         Stasis   .     (boots unavailable)
MR     .....                    (no amulet)
Stlth  +.........               n - ring of invisibility
                                j - ring of flight

@: lethally poisoned (-1 -> -1), very slightly contaminated, not resistant to
hostile enchantments, very unstealthy
A: unfitting armour, tough skin 1
a: Evoke Invisibility, Evoke Flight


You were on level 3 of the Dungeon.
You were hungry.

You visited 1 branch of the dungeon, and saw 3 of its levels.

You collected 148 gold pieces.

Inventory:

Hand weapons
 a - a +0 flail
 s - a cursed -1 whip (weapon)
Missiles
 e - 3 throwing nets (quivered)
Armour
 b - a +1 robe (worn)
Jewellery
 j - a ring of flight (left hand)
 n - a ring of invisibility (right hand)
Scrolls
 f - a scroll of enchant weapon
 p - a scroll of blinking
Potions
 c - a potion of brilliance {unknown}
 k - a potion of agility {unknown}
Comestibles
 d - 2 bread rations
 h - a slice of pizza
 i - 3 meat rations
 r - a chunk of flesh


   Skills:
 + Level 3.7 Fighting
 * Level 5.9 Maces & Flails
 - Level 2.1 Throwing
 - Level 2.6 Dodging


You had 3 spell levels left.
You didn't know any spells.

Dungeon Overview and Level Annotations

Branches:
Dungeon (3/15)

Altars:
Fedhas

Annotations:
D:3 Robin


Innate Abilities, Weirdness & Mutations

You are too large for most types of armour.
You have tough skin (AC +1).


Message History

The goblin barely misses you. The goblin hits you but does no damage.
The goblin unwields an uncursed hunting sling.
The goblin wields an uncursed dagger.
The goblin hits you with an uncursed dagger.
* * * LOW HITPOINT WARNING * * *
The goblin hits you but does no damage.
You barely miss the goblin. The goblin hits you with a club.
* * * LOW HITPOINT WARNING * * *
The kobold hits you but does no damage. The goblin closely misses you.
The goblin hits you but does no damage. The goblin barely misses you.
The goblin hits you but does no damage.
You barely miss the goblin. The goblin hits you but does no damage.
The goblin hits you but does no damage. x2
The kobold closely misses you. The goblin hits you.
* * * LOW HITPOINT WARNING * * *
Unknown command.
You closely miss the goblin.
You feel sick.
The goblin hits you but does no damage. x2
The goblin misses you. The goblin hits you.
You die...

##........#####
##............#
#.............##
#....!..........
#.............#
#.......g..?..#
#.......gb....##
##....ggggl....#
##...Sg@gg..[..
##...Kgg.....#
#........##..
#........#
###.#.##...
##.#.######
#.....######
#...........
#..........(


You could see Robin, an adder, a giant gecko, 10 goblins, a bat and a kobold.

Vanquished Creatures
  2 adders (D:2)
  An ooze (D:1)
  3 worms (D:2)
  8 bats
  4 giant cockroaches
  4 goblins
  4 hobgoblins
  4 giant newts
  4 kobolds (D:1)
  A quokka (D:2)
  4 rats
  A plant (D:1)
40 creatures vanquished.

Notes
Turn   | Place    | Note
--------------------------------------------------------------
     0 | D:1      | urechis the Ogre Gladiator began the quest for the Orb.
     0 | D:1      | Reached XP level 1. HP: 22/22 MP: 1/1
   108 | D:1      | Reached XP level 2. HP: 16/31 MP: 2/2
   843 | D:1      | Reached skill level 5 in Maces & Flails
   843 | D:1      | Reached XP level 3. HP: 35/37 MP: 3/3
  1162 | D:2      | Found a blossoming altar of Fedhas.
  1774 | D:2      | Reached XP level 4. HP: 40/48 MP: 4/4
  1972 | D:3      | Noticed Robin
  1989 | D:3      | HP: 2/48 [poisoned by an adder]
  1989 | D:3      | Slain by a goblin

Vault maps used:
D:1:      dpeg_arrival_erosion, serial_forest, infiniplex_forest_diagonal,
          infiniplex_forest_side_room, infiniplex_forest_clump_double,
          infiniplex_forest_clump_long, infiniplex_forest_lined_corner,
          infiniplex_forest_straight_2, infiniplex_forest_end_2,
          infiniplex_forest_clump_double, infiniplex_forest_clump_double,
          minivault_24, serial_bayou_pond_a, minivault_4
D:2:      first_bread, fedhas_altar_1
D:3:      lemuel_doored_altar, minivault_5, kennysheep_doodads, uniq_robin

Action                   |  1- 3 |  4- 6 || total
-------------------------+-------+-------++-------
Melee: Flail             |   129 |    10 ||   139
       Whip              |       |    13 ||    13
  Use: Scroll            |       |     8 ||     8
 Stab: Sleeping          |     3 |       ||     3
  Eat: Chunk             |     2 |     1 ||     3
